TOP OF THE 1ST |
Broken Arrow HS batting - Pitching for Fort Worth HS Turkeys : RHP Mark García
|
Pitching: RHP Mark García
|
|
Batting: RHB Bo Long
|
0-0: Ground out 1-3 (Groundball, P)
|
Batting: LHB John Tidwell
|
0-0: Ball 1-0: Called Strike 1-1: Ball 2-1: Ball 3-1: Base on Balls
|
Batting: RHB Alejandro Vélez
|
0-0: Ball 1-0: Ball 2-0: Called Strike 2-1: Foul Ball, location: 2F 2-2: Foul Ball, location: 2F 2-2: Foul Ball, location: 2F 2-2: Ball 3-2: Strikes out swinging John Tidwell is caught stealing 2nd base Batter strikes out.
|
Top of the 1st over - 0 runs, 0 hits, 0 errors, 0 left on base; Broken Arrow HS 0 - Fort Worth HS 0 |
BOTTOM OF THE 1ST |
Fort Worth HS Turkeys batting - Pitching for Broken Arrow HS : RHP Chris Ryan
|
Pitching: RHP Chris Ryan
|
|
Batting: RHB Milton Nixon
|
0-0: Ball 1-0: Ball 2-0: SINGLE (Line Drive, 6M)
|
Batting: SHB Gonzalo Cardona
|
0-0: Ball 1-0: Ball 2-0: Ball 3-0: Base on Balls Milton Nixon to second
|
Batting: LHB Mike Richardson
|
0-0: Foul Ball, location: 2F 0-1: Ball 1-1: Ball 2-1: Ball 3-1: Swinging Strike Passed Ball! Milton Nixon to third Gonzalo Cardona to second 3-2: Strikes out swinging
|
Batting: LHB Ángelo Ávila
|
0-0: Ball 1-0: Called Strike 1-1: Swinging Strike 1-2: Hit by Pitch
|
Batting: RHB Alfonso Rivera
|
0-0: GRAND SLAM HOME RUN (Flyball, 7LD), Distance : 336 ft
|
Batting: LHB Pancho Vázquez
|
0-0: Ball 1-0: Ball 2-0: Ball 3-0: Base on Balls
|
Batting: RHB Cameron Harris
|
0-0: Ball 1-0: Fly out, F7 (Flyball, 7S)
|
Batting: RHB Oscar Graham
|
0-0: Ball 1-0: Ball 2-0: Ball 3-0: Base on Balls Pancho Vázquez to second
|
Batting: RHB Mike Casey
|
0-0: Ball 1-0: Ground out 4-3 (Groundball, 34)
|
Bottom of the 1st over - 4 runs, 2 hits, 0 errors, 2 left on base; Broken Arrow HS 0 - Fort Worth HS 4 |
TOP OF THE 2ND |
Broken Arrow HS batting - Pitching for Fort Worth HS Turkeys : RHP Mark García
|
Batting: LHB Michael Keller
|
0-0: Ball 1-0: Foul Ball, location: 2F 1-1: Ball 2-1: Foul Ball, location: 2F 2-2: Strikes out swinging
|
Batting: RHB Donnie Bryan
|
0-0: Ball 1-0: Foul Ball, location: 2F 1-1: Ball 2-1: Ball 3-1: Foul Ball, location: 2F 3-2: Foul Ball, location: 2F 3-2: SINGLE (Line Drive, 6D)
|
Batting: RHB Paul Dowd
|
0-0: Ball 1-0: Ball 2-0: Called Strike 2-1: Foul Ball, location: 2F 2-2: Fly out, F8 (Flyball, 8LM)
|
Pitching: RHP Arnold Faucher
|
|
Batting: LHB Mac Little
|
0-0: Ball 1-0: Swinging Strike 1-1: Ball 2-1: Ball 3-1: DOUBLE (Line Drive, 8RD) Donnie Bryan to third Runner from 3rd tries for Home, SAFE, no throw
|
Batting: RHB James Thompson
|
0-0: Called Strike 0-1: Swinging Strike 0-2: Strikes out swinging
|
Top of the 2nd over - 1 run, 2 hits, 0 errors, 1 left on base; Broken Arrow HS 1 - Fort Worth HS 4 |
BOTTOM OF THE 2ND |
Fort Worth HS Turkeys batting - Pitching for Broken Arrow HS : RHP Chris Ryan
|
Batting: RHB Milton Nixon
|
0-0: Ball 1-0: SINGLE (Flyball, 89S)
|
Batting: SHB Gonzalo Cardona
|
0-0: Ball 1-0: Called Strike 1-1: Grounds into double play, 6-4-3 (Groundball, 6)
|
Batting: LHB Mike Richardson
|
0-0: Called Strike 0-1: Ball 1-1: Ground out 6-3 (Groundball, 6)
|
Bottom of the 2nd over - 0 runs, 1 hit, 0 errors, 0 left on base; Broken Arrow HS 1 - Fort Worth HS 4 |
TOP OF THE 3RD |
Broken Arrow HS batting - Pitching for Fort Worth HS Turkeys : RHP Arnold Faucher
|
Batting: SHB Heath Rhodes
|
0-0: Called Strike 0-1: Ball 1-1: Ball 2-1: Foul Ball, location: 2F 2-2: Ground out 4-3 (Groundball, 4)
|
Batting: RHB Bo Long
|
0-0: Called Strike 0-1: Ball 1-1: Ground out 6-3 (Groundball, 6)
|
Batting: LHB John Tidwell
|
0-0: Ball 1-0: Called Strike 1-1: Swinging Strike 1-2: Foul Ball, location: 2F 1-2: Ball 2-2: Ball 3-2: Foul Ball, location: 2F 3-2: Strikes out swinging
|
Top of the 3rd over - 0 runs, 0 hits, 0 errors, 0 left on base; Broken Arrow HS 1 - Fort Worth HS 4 |
BOTTOM OF THE 3RD |
Fort Worth HS Turkeys batting - Pitching for Broken Arrow HS : RHP Chris Ryan
|
Batting: LHB Ángelo Ávila
|
0-0: Ball 1-0: Ground out 1-5-3 (Groundball, 15S)
|
Batting: RHB Alfonso Rivera
|
0-0: Ball 1-0: Swinging Strike 1-1: Ground out 6-3 (Groundball, 6S)
|
Batting: LHB Pancho Vázquez
|
0-0: Ball 1-0: Ball 2-0: Ball 3-0: Base on Balls
|
Batting: RHB Cameron Harris
|
0-0: Foul Ball, location: 2F 0-1: Called Strike 0-2: Ball 1-2: Ball 2-2: Ground out 1-3 (Groundball, 13)
|
Bottom of the 3rd over - 0 runs, 0 hits, 0 errors, 1 left on base; Broken Arrow HS 1 - Fort Worth HS 4 |
TOP OF THE 4TH |
Broken Arrow HS batting - Pitching for Fort Worth HS Turkeys : RHP Arnold Faucher
|
Batting: RHB Alejandro Vélez
|
0-0: Ball 1-0: Called Strike 1-1: Swinging Strike 1-2: Foul Ball, location: 2F 1-2: Ball 2-2: Ball 3-2: SINGLE (Groundball, 6MD)
|
Batting: LHB Michael Keller
|
0-0: SINGLE (Line Drive, 89S) Alejandro Vélez to second
|
Batting: RHB Donnie Bryan
|
0-0: Called Strike 0-1: Fly out, F8 (Flyball, 8LD)
|
Batting: RHB Paul Dowd
|
0-0: Called Strike 0-1: Foul Ball, location: 2F 0-2: DOUBLE (Line Drive, 7LD) Alejandro Vélez scores Michael Keller to third Runner from 3rd tries for Home, SAFE, no throw
|
Batting: LHB Mac Little
|
0-0: Ball 1-0: Ball 2-0: Ball 3-0: Called Strike 3-1: Base on Balls
|
Batting: RHB James Thompson
|
0-0: Ball 1-0: Ball 2-0: Ball 3-0: Called Strike 3-1: Foul Ball, location: 2F 3-2: Base on Balls Paul Dowd to third Mac Little to second
|
Batting: SHB Heath Rhodes
|
0-0: Fielders Choice at 2nd, 3-6 (Groundball, 3) Paul Dowd scores Mac Little to third
|
Batting: RHB Bo Long
|
0-0: Fly out, F6 (Popup, 6D)
|
Top of the 4th over - 3 runs, 3 hits, 0 errors, 2 left on base; Broken Arrow HS 4 - Fort Worth HS 4 |
BOTTOM OF THE 4TH |
Fort Worth HS Turkeys batting - Pitching for Broken Arrow HS : RHP Chris Ryan
|
Batting: RHB Oscar Graham
|
0-0: Ball 1-0: Ground out 5-3 (Groundball, 56S)
|
Batting: RHB Mike Casey
|
0-0: Ball 1-0: Called Strike 1-1: Swinging Strike 1-2: Fly out, F7 (Line Drive, 78M)
|
Batting: RHB Milton Nixon
|
0-0: Called Strike 0-1: Fly out, F6 (Popup, 6M)
|
Bottom of the 4th over - 0 runs, 0 hits, 0 errors, 0 left on base; Broken Arrow HS 4 - Fort Worth HS 4 |
TOP OF THE 5TH |
Broken Arrow HS batting - Pitching for Fort Worth HS Turkeys : RHP Arnold Faucher
|
Batting: LHB John Tidwell
|
0-0: Swinging Strike 0-1: Ball 1-1: Bunted foul 1-2: Fly out, F9 (Flyball, 9S)
|
Batting: RHB Alejandro Vélez
|
0-0: Swinging Strike 0-1: SINGLE (Groundball, 56D)
|
Batting: LHB Michael Keller
|
0-0: Called Strike 0-1: Swinging Strike 0-2: Ball 1-2: Fly out, F9 (Flyball, 9D)
|
Pitching: RHP Ralph Bailey
|
|
Batting: RHB Donnie Bryan
|
0-0: Foul Ball, location: 2F 0-1: Ball Wild Pitch! Alejandro Vélez to second 1-1: Called Strike 1-2: Foul Ball, location: 2F 1-2: Ball 2-2: Ball 3-2: Foul Ball, location: 2F 3-2: Base on Balls
|
Batting: RHB Paul Dowd
|
0-0: Ball 1-0: Ball 2-0: Fielders Choice at 2nd, 6-4 (Groundball, 6)
|
Top of the 5th over - 0 runs, 1 hit, 0 errors, 2 left on base; Broken Arrow HS 4 - Fort Worth HS 4 |
BOTTOM OF THE 5TH |
Fort Worth HS Turkeys batting - Pitching for Broken Arrow HS : RHP Chris Ryan
|
Batting: SHB Gonzalo Cardona
|
0-0: Foul Ball, location: 2F 0-1: Swinging Strike 0-2: Strikes out swinging
|
Batting: LHB Mike Richardson
|
0-0: Called Strike 0-1: Ball 1-1: Swinging Strike 1-2: Strikes out swinging
|
Batting: LHB Ángelo Ávila
|
0-0: Ball 1-0: Ball 2-0: Ground out 5-3 (Groundball, 5)
|
Bottom of the 5th over - 0 runs, 0 hits, 0 errors, 0 left on base; Broken Arrow HS 4 - Fort Worth HS 4 |
TOP OF THE 6TH |
Broken Arrow HS batting - Pitching for Fort Worth HS Turkeys : RHP Ralph Bailey
|
Batting: LHB Mac Little
|
0-0: Called Strike 0-1: Foul Ball, location: 2F 0-2: Ball 1-2: Ball 2-2: Foul Ball, location: 2F 2-2: Foul Ball, location: 2F 2-2: Foul Ball, location: 2F 2-2: Fly out, F7 (Flyball, 78D)
|
Batting: RHB James Thompson
|
0-0: Ball 1-0: Ball 2-0: Ball 3-0: Called Strike 3-1: Called Strike 3-2: Foul Ball, location: 2F 3-2: Base on Balls
|
Batting: SHB Heath Rhodes
|
0-0: Called Strike 0-1: Fly out, F8 (Flyball, 8LM)
|
Batting: RHB Bo Long
|
0-0: Foul Ball, location: 2F 0-1: Ball 1-1: Foul Ball, location: 2F 1-2: SINGLE (Groundball, 6MD) James Thompson to second
|
Batting: LHB John Tidwell
|
0-0: Called Strike 0-1: Ball 1-1: Ball 2-1: Ground out 3-1 (Groundball, 34)
|
Top of the 6th over - 0 runs, 1 hit, 0 errors, 2 left on base; Broken Arrow HS 4 - Fort Worth HS 4 |
BOTTOM OF THE 6TH |
Fort Worth HS Turkeys batting - Pitching for Broken Arrow HS : RHP Chris Ryan
|
Batting: RHB Alfonso Rivera
|
0-0: Swinging Strike 0-1: SOLO HOME RUN (Flyball, 78XD), Distance : 357 ft
|
Batting: LHB Pancho Vázquez
|
0-0: Ball 1-0: Called Strike 1-1: Called Strike 1-2: Strikes out looking
|
Batting: RHB Cameron Harris
|
0-0: Ball 1-0: Ball 2-0: Foul Ball, location: 2F 2-1: Foul Ball, location: 2F 2-2: Ground out 6-3 (Groundball, 6)
|
Batting: RHB Oscar Graham
|
0-0: Swinging Strike 0-1: DOUBLE (Flyball, 8LD)
|
Batting: RHB Mike Casey
|
0-0: SINGLE (Groundball, 56D) Oscar Graham to third
|
Batting: RHB Milton Nixon
|
0-0: Ball 1-0: Called Strike 1-1: Ball 2-1: Foul Ball, location: 2F 2-2: Ball 3-2: Fly out, F3 (Popup, 3SF)
|
Bottom of the 6th over - 1 run, 3 hits, 0 errors, 2 left on base; Broken Arrow HS 4 - Fort Worth HS 5 |
TOP OF THE 7TH |
Broken Arrow HS batting - Pitching for Fort Worth HS Turkeys : RHP Ralph Bailey
|
Batting: RHB Alejandro Vélez
|
0-0: Ball 1-0: Called Strike 1-1: Called Strike 1-2: Ball 2-2: SOLO HOME RUN (Flyball, 7D), Distance : 364 ft
|
Batting: LHB Michael Keller
|
0-0: Ball 1-0: Ball 2-0: Called Strike 2-1: Foul Ball, location: 2F 2-2: Foul Ball, location: 2F 2-2: Foul Ball, location: 2F 2-2: Ball 3-2: DOUBLE (Groundball, 3L)
|
Batting: RHB Donnie Bryan
|
0-0: Intentional Walk
|
Pitching: RHP Denver Johnson
|
|
Batting: RHB Paul Dowd
|
0-0: Ground out U3 (Groundball, 34S) Michael Keller to third Donnie Bryan to second
|
Batting: LHB Mac Little
|
0-0: Intentional Walk
|
Batting: RHB James Thompson
|
0-0: Ball 1-0: Ball 2-0: Ball 3-0: Base on Balls Michael Keller scores Donnie Bryan to third Mac Little to second
|
Batting: SHB Heath Rhodes
|
0-0: Foul Ball, location: 2F 0-1: SINGLE (Line Drive, 8LS) Donnie Bryan scores Mac Little to third James Thompson to second
|
Batting: RHB Bo Long
|
0-0: Ball 1-0: Ball 2-0: Ball 3-0: Base on Balls Mac Little scores James Thompson to third Heath Rhodes to second
|
Pinch Hitting: LHB James Carlson
|
0-0: Ball 1-0: Reached on error, E5 (Groundball, 56) James Thompson scores Heath Rhodes to third Bo Long to second
|
Batting: RHB Alejandro Vélez
|
0-0: Ball 1-0: Ball 2-0: DOUBLE (Flyball, 9D) Heath Rhodes scores Bo Long scores James Carlson to third
|
Pitching: RHP Lou Spooner
|
|
Batting: LHB Michael Keller
|
0-0: Foul Ball, location: 2F 0-1: Ball 1-1: Ball 2-1: Ball 3-1: Base on Balls
|
Batting: RHB Donnie Bryan
|
0-0: Foul Ball, location: 2F 0-1: Foul Ball, location: 2F 0-2: Ball 1-2: Ball 2-2: Ball 3-2: Base on Balls James Carlson scores Alejandro Vélez to third Michael Keller to second
|
Batting: RHB Paul Dowd
|
0-0: Called Strike 0-1: Ball 1-1: Called Strike 1-2: Strikes out looking
|
Batting: LHB Mac Little
|
0-0: Foul Ball, location: 2F 0-1: Called Strike 0-2: Ball 1-2: Ball Passed Ball! Alejandro Vélez scores Michael Keller to third Donnie Bryan to second 2-2: Strikes out swinging
|
Top of the 7th over - 9 runs, 4 hits, 1 error, 2 left on base; Broken Arrow HS 13 - Fort Worth HS 5 |
BOTTOM OF THE 7TH |
Fort Worth HS Turkeys batting - Pitching for Broken Arrow HS : RHP Chris Ryan
|
Now in CF: James Carlson
|
|
Batting: SHB Gonzalo Cardona
|
0-0: Ball 1-0: Ball 2-0: Ball 3-0: Called Strike 3-1: Called Strike 3-2: Foul Ball, location: 2F 3-2: Foul Ball, location: 2F 3-2: SINGLE (Flyball, 78M)
|
Batting: LHB Mike Richardson
|
0-0: Ball 1-0: Fielders Choice at 2nd, 3-6 (Groundball, 3)
|
Batting: LHB Ángelo Ávila
|
0-0: Called Strike 0-1: Ball 1-1: SINGLE (Line Drive, 7S) Mike Richardson to second
|
Batting: RHB Alfonso Rivera
|
0-0: Ball 1-0: Swinging Strike 1-1: Ball 2-1: Foul Ball, location: 2F 2-2: Ball 3-2: Base on Balls Mike Richardson to third Ángelo Ávila to second
|
Batting: LHB Pancho Vázquez
|
0-0: Called Strike 0-1: Foul Ball, location: 2F 0-2: Strikes out swinging
|
Batting: RHB Cameron Harris
|
0-0: SINGLE (Line Drive, 8LS) Mike Richardson scores Ángelo Ávila to third Alfonso Rivera to second Runner from 3rd tries for Home, SAFE, no throw
|
Batting: RHB Oscar Graham
|
0-0: Swinging Strike 0-1: Called Strike 0-2: Strikes out swinging
|
Bottom of the 7th over - 2 runs, 3 hits, 0 errors, 2 left on base; Broken Arrow HS 13 - Fort Worth HS 7 |
TOP OF THE 8TH |
Broken Arrow HS batting - Pitching for Fort Worth HS Turkeys : RHP Lou Spooner
|
Batting: RHB James Thompson
|
0-0: Foul Ball, location: 2F 0-1: Ball 1-1: Called Strike 1-2: Ball 2-2: Foul Ball, location: 2F 2-2: Ball 3-2: Base on Balls
|
Batting: SHB Heath Rhodes
|
0-0: Ball 1-0: Ball 2-0: Ball 3-0: Called Strike 3-1: Base on Balls James Thompson to second
|
Batting: RHB Bo Long
|
0-0: Ball 1-0: Ball 2-0: Ground out 5-3 (Groundball, 56S) James Thompson to third Heath Rhodes to second
|
Batting: LHB James Carlson
|
0-0: Fly out, F6 (Popup, 6)
|
Batting: RHB Alejandro Vélez
|
0-0: Called Strike 0-1: Called Strike 0-2: Foul Ball, location: 2F 0-2: Ball 1-2: Ball 2-2: Ball 3-2: Base on Balls
|
Batting: LHB Michael Keller
|
0-0: Ball 1-0: Foul Ball, location: 2F 1-1: Fly out, F6 (Popup, 6)
|
Top of the 8th over - 0 runs, 0 hits, 0 errors, 3 left on base; Broken Arrow HS 13 - Fort Worth HS 7 |
BOTTOM OF THE 8TH |
Fort Worth HS Turkeys batting - Pitching for Broken Arrow HS : RHP Chris Ryan
|
Batting: RHB Mike Casey
|
0-0: Ball 1-0: Fly out, F7 (Flyball, 7D)
|
Batting: RHB Milton Nixon
|
0-0: Called Strike 0-1: Called Strike 0-2: SINGLE (Groundball, 6D)
|
Batting: SHB Gonzalo Cardona
|
0-0: Called Strike 0-1: Swinging Strike 0-2: 2-RUN HOME RUN (Flyball, 89XD), Distance : 370 ft
|
Pitching: LHP Alonso Villanueva
|
|
Batting: LHB Mike Richardson
|
0-0: Ball 1-0: Ball 2-0: Ball 3-0: Called Strike 3-1: Base on Balls
|
Batting: LHB Ángelo Ávila
|
0-0: SINGLE (Flyball, 7S) Mike Richardson to second
|
Batting: RHB Alfonso Rivera
|
0-0: Ball 1-0: Called Strike 1-1: Ball 2-1: Ball 3-1: Foul Ball, location: 2F 3-2: Base on Balls Mike Richardson to third Ángelo Ávila to second
|
Batting: LHB Pancho Vázquez
|
0-0: Grounds into double play, 4-6-3 (Groundball, 4)
|
Bottom of the 8th over - 2 runs, 3 hits, 0 errors, 2 left on base; Broken Arrow HS 13 - Fort Worth HS 9 |
TOP OF THE 9TH |
Broken Arrow HS batting - Pitching for Fort Worth HS Turkeys : RHP Lou Spooner
|
Batting: RHB Donnie Bryan
|
0-0: Ball 1-0: Foul Ball, location: 2F 1-1: Foul Ball, location: 2F 1-2: Ball 2-2: Foul Ball, location: 2F 2-2: Foul Ball, location: 2F 2-2: Foul Ball, location: 2F 2-2: Ball 3-2: Foul Ball, location: 2F 3-2: Strikes out swinging
|
Pitching: RHP Greg William
|
|
Batting: RHB Paul Dowd
|
0-0: Ball 1-0: Ball 2-0: Ball 3-0: Base on Balls
|
Batting: LHB Mac Little
|
0-0: Called Strike 0-1: Fly out, F7 (Flyball, 7S)
|
Batting: RHB James Thompson
|
0-0: Ball 1-0: Ball 2-0: SINGLE (Line Drive, 89S) Paul Dowd to second
|
Batting: SHB Heath Rhodes
|
0-0: Swinging Strike 0-1: Foul Ball, location: 2F 0-2: Foul Ball, location: 2F 0-2: Ball 1-2: SINGLE (Flyball, 7S) Paul Dowd to third James Thompson to second Runner from 3rd tries for Home, throw and OUT!
|
Top of the 9th over - 0 runs, 2 hits, 0 errors, 2 left on base; Broken Arrow HS 13 - Fort Worth HS 9 |
BOTTOM OF THE 9TH |
Fort Worth HS Turkeys batting - Pitching for Broken Arrow HS : LHP Alonso Villanueva
|
Batting: RHB Cameron Harris
|
0-0: Ground out 6-3 (Groundball, 6)
|
Batting: RHB Oscar Graham
|
0-0: SOLO HOME RUN (Flyball, 7D), Distance : 339 ft
|
Batting: RHB Mike Casey
|
0-0: Ball 1-0: Ball 2-0: Ball 3-0: Base on Balls
|
Batting: RHB Milton Nixon
|
0-0: Called Strike 0-1: Swinging Strike 0-2: Ball 1-2: Ball 2-2: Ball 3-2: Fly out, F3 (Popup, 34)
|
Batting: SHB Gonzalo Cardona
|
0-0: Foul Ball, location: 2F 0-1: Foul Ball, location: 2F 0-2: Ball 1-2: Foul Ball, location: 2F 1-2: Strikes out swinging
|
Bottom of the 9th over - 1 run, 1 hit, 0 errors, 1 left on base; Broken Arrow HS 13 - Fort Worth HS 10 |
|